 Dungeon Crawl Stone Soup version 0.26-a0-1012-gedcf9b2963 (webtiles) character file.

Game seed: 15282482598374791654

4392 Delamore the Basher (level 10, -1/59 HPs)
             Began as a Gargoyle Fighter on Dec 7, 2020.
             Was an Elder of Okawaru.
             Slain by a worker ant (4 damage)
             ... on level 9 of the Dungeon.
             The game lasted 00:08:42 (8158 turns).

Delamore the Basher (Gargoyle Fighter)              Turns: 8158, Time: 00:08:43

Health: -1/59      AC: 19    Str: 23    XL:     10   Next: 35%
Magic:  10/10      EV:  9    Int:  9    God:    Okawaru [****..]
Gold:   791        SH:  6    Dex:  9    Spells: 9/9 levels left

rFire    . . .     SeeInvis .   y - +2 whip (flame)
rCold    . . .     Faith    .   F - +2 buckler
rNeg     + . .     Spirit   .   b - +0 scale mail
rPois    ∞         Reflect  .   l - +0 helmet
rElec    +         Harm     .   q - +0 cloak
rCorr    +         Rampage  .   n - +0 pair of gloves
Will     .....                  w - +1 pair of boots
Stlth    ..........             (no amulet)
HPRegen  0.19/turn              t - ring of resist corrosion
MPRegen  0.12/turn              (no ring)

@: no status effects
A: negative energy resistance 1, electricity resistance, unbreathing,
petrification resistance, rot immunity, AC +7
a: Heroism, Renounce Religion


You were on level 9 of the Dungeon.
You worshipped Okawaru.
Okawaru was greatly pleased with you.
You visited 2 branches of the dungeon, and saw 10 of its levels.

You collected 791 gold pieces.

Inventory:

Hand Weapons
 a - a +0 flail
 y - a +2 whip of flaming (weapon)
Missiles
 x - 4 curare-tipped darts (quivered)
 G - 5 boomerangs of dispersal
 H - 6 silver javelins
Armour
 b - a +0 scale mail (worn)
 c - a +0 kite shield
 l - a +0 helmet (worn)
 n - a +0 pair of gloves (worn)
 q - a +0 cloak (worn)
 w - a +1 pair of boots (worn)
 F - a +2 buckler (worn)
Jewellery
 t - a ring of resist corrosion (left hand)
Wands
 D - a wand of paralysis (8)
 I - a wand of polymorph (9)
Scrolls
 e - a scroll of amnesia
 g - 4 scrolls of remove curse
 i - 2 scrolls of teleportation
 j - 2 scrolls of immolation
 k - 3 scrolls of magic mapping
 m - 4 scrolls of enchant armour
 v - 2 scrolls of blinking
 B - 3 scrolls of random uselessness {unknown}
 C - a scroll of fog {unknown}
 E - 2 scrolls of identify
Potions
 d - 3 potions of might
 f - a potion of degeneration {unknown}
 h - 6 potions of curing
 o - a potion of attraction
 p - 2 potions of flight
 r - 3 potions of ambrosia
 s - 2 potions of brilliance
 u - 3 potions of haste
 z - a potion of magic
 A - 3 potions of lignification {unknown}


   Skills:
 - Level 5.0 Fighting
 + Level 13.5 Maces & Flails
 - Level 3.2 Armour
 - Level 5.0 Shields


You had 9 spell levels left.
You didn't know any spells.
Your spell library contained the following spells:

 Spells                   Type           Power        Failure   Level
 Foxfire                  Conj/Fire      #...         69%         1
 Conjure Flame            Conj/Fire      #.......     96%         3
 Inner Flame              Hex/Fire       #.......     96%         3
 Sticky Flame             Conj/Fire      #.......     100%        4
 Fireball                 Conj/Fire      #.........   100%        5


Dungeon Overview and Level Annotations

Branches:
Dungeon (9/15)             Temple (1/1) D:4
   Lair: D:8-11         Orc: D:9-12

Altars:
Ashenzari
Dithmenos
Fedhas
Gozag
Hepliaklqana
Kikubaaqudgha
Nemelex Xobeh
Okawaru
Qazlal
Ru
Sif Muna
Trog
Vehumet
Wu Jian
Xom
Yredelemnul
Zin
The Shining One

Shops:
D:6 }


Innate Abilities, Weirdness & Mutations

You are resistant to torment.
Your stone body is resilient. (AC +7)
You are immune to poison.
You resist negative energy. (rN+)
You are resistant to electric shocks. (rElec)
You can survive without breathing.
You are immune to petrification.
You are immune to rotting.


Message History

The two-headed ogre is severely wounded.
The worker ant closely misses you.
You hit the two-headed ogre but do no damage.
The two-headed ogre is severely wounded.
You whack the two-headed ogre! You burn the two-headed ogre.
The two-headed ogre is almost dead.
The worker ant bites you but does no damage.
The two-headed ogre barely misses you.
The two-headed ogre hits you with a +0 giant club.
* * * LOW HITPOINT WARNING * * *
You barely miss the two-headed ogre.
The two-headed ogre is almost dead.
The worker ant bites you but does no damage.
You hit the two-headed ogre. You burn the two-headed ogre.
The two-headed ogre is almost dead.
The two-headed ogre closely misses you. You block the two-headed ogre's attack.
You hit the two-headed ogre but do no damage.
The two-headed ogre is almost dead.
The worker ant bites you.
You die...

#...# ........ ....#...#
#......# #...#...#
#......# #...#...#
#......# #...#...#
#......# #...#...# .#
#......# #...#...# .#
#......# #...#...# .#
#......# #.O@#...# .#
#......# #..B#[..# .#
#......# #...#O†.# .#
#......# #...#...#
.####......###.......##?
........................#
#########################


You could see a two-headed ogre and a worker ant.

Vanquished Creatures
  Pikel (D:7)
  2 trolls
  The ghost of thewurscht the Skirmisher, an amateur DrFi (D:5)
  A wyvern (D:9)
  2 water moccasins
  Duvessa (D:4)
  An orc warrior (D:9)
  2 phantoms
  2 sky beasts
  3 ogres
  3 centaurs
  A big kobold (D:5)
  3 bullfrogs
  Dowan (D:4)
  2 scorpions
  3 wights (D:8)
  4 killer bees (D:9)
  5 howler monkeys
  A bullfrog zombie (D:5)
  A jelly (D:7)
  3 orc priests (D:9)
  3 hounds
  A bullfrog skeleton (D:7)
  10 orc wizards
  A centaur skeleton (D:6)
  4 worker ants
  2 human simulacra (D:9)
  A hound skeleton (D:5)
  A worker ant zombie (D:9)
  10 adders
  2 shadow imps
  A white imp (D:5)
  2 ufetubi (D:9)
  An ooze (D:6)
  An adder zombie (D:6)
  3 worms
  3 dart slugs
  4 leopard geckos
  30 orcs
  2 ball pythons
  4 giant cockroaches
  7 goblins
  6 hobgoblins
  13 jackals
  15 kobolds
  5 quokkas
  5 bats
  4 frilled lizards
  A jackal zombie (D:5)
  3 quokka skeletons
  A quokka zombie (D:7)
  5 rats
194 creatures vanquished.

Vanquished Creatures (others)
  10 plants (D:4)
10 creatures vanquished.

Grand Total: 204 creatures vanquished

Notes
Turn   | Place    | Note
-------+----------+-------------------------------------------
     0 | D:1      | Delamore the Gargoyle Fighter began the quest for the Orb.
     0 | D:1      | Reached XP level 1. HP: 14/14 MP: 1/1
   139 | D:1      | Reached XP level 2. HP: 17/19 MP: 2/2
   586 | D:1      | Reached XP level 3. HP: 22/24 MP: 3/3
  1167 | D:2      | Reached XP level 4. HP: 10/29 MP: 4/4
  1791 | D:3      | Reached skill level 3 in Maces & Flails
  2071 | D:3      | Reached XP level 5. HP: 24/34 MP: 5/5
  2498 | D:3      | Found a glowing golden altar of the Shining One.
  2522 | D:4      | Noticed Duvessa
  2523 | D:4      | Noticed Dowan
  2540 | D:4      | Killed Duvessa
  2561 | D:4      | Killed Dowan
  2562 | D:4      | Reached skill level 5 in Fighting
  2562 | D:4      | Reached skill level 4 in Maces & Flails
  2562 | D:4      | Reached skill level 5 in Shields
  2562 | D:4      | Reached XP level 6. HP: 4/40 MP: 6/6
  2901 | D:4      | Found a staircase to the Ecumenical Temple.
  2921 | D:4      | Reached skill level 5 in Maces & Flails
  2933 | Temple   | Entered the Ecumenical Temple
  3108 | Temple   | Became a worshipper of Warmaster Okawaru
  3265 | D:4      | Found a shimmering altar of Xom.
  3413 | D:4      | Reached XP level 7. HP: 44/44 MP: 7/7
  3654 | D:4      | Found a shadowy altar of Dithmenos.
  3659 | D:4      | Found a shimmering blue altar of Sif Muna.
  3809 | D:4      | Reached skill level 6 in Maces & Flails
  3815 | D:4      | Found a stormy altar of Qazlal.
  3980 | D:5      | Entered Level 5 of the Dungeon
  4174 | D:5      | Reached skill level 7 in Maces & Flails
  4181 | D:5      | Reached * piety under Okawaru
  4312 | D:5      | Found a radiant altar of Vehumet.
  4336 | D:5      | Reached XP level 8. HP: 44/49 MP: 8/8
  4432 | D:5      | Found a broken altar of Ashenzari.
  4549 | D:5      | Found a runed translucent gate.
  4549 | D:5      | Found a runed translucent gate.
  4549 | D:5      | Found a runed translucent gate.
  4550 | D:5      | Identified the +12 dagger of Exquisite Torment {drain,
                  | Int+4}
  4550 | D:5      | Noticed thewurscht's ghost (amateur DrFi)
  4603 | D:5      | Reached skill level 8 in Maces & Flails
  4792 | D:5      | Killed thewurscht's ghost
  4809 | D:5      | Reached skill level 9 in Maces & Flails
  4880 | D:6      | Reached ** piety under Okawaru
  5084 | D:6      | Reached skill level 10 in Maces & Flails
  5116 | D:6      | Reached XP level 9. HP: 54/54 MP: 9/9
  5467 | D:6      | Found Xoymaalu's Gadget Shoppe.
  5648 | D:6      | Noticed a troll
  5668 | D:6      | Killed a troll
  5669 | D:6      | Reached skill level 11 in Maces & Flails
  5849 | D:6      | Found an ornate altar of the Wu Jian Council.
  6219 | D:7      | Noticed Pikel
  6243 | D:7      | Killed Pikel
  6243 | D:7      | Reached *** piety under Okawaru
  6244 | D:7      | Reached skill level 12 in Maces & Flails
  6381 | D:7      | Found a glowing silver altar of Zin.
  6953 | D:8      | Found a hazy altar of Hepliaklqana.
  7096 | D:8      | Reached XP level 10. HP: 48/59 MP: 10/10
  7450 | D:9      | Reached skill level 13 in Maces & Flails
  7863 | D:9      | Reached **** piety under Okawaru
  7963 | D:9      | Noticed a two-headed ogre
  8158 | D:9      | Slain by a worker ant

Illustrated notes

Levels and vault maps discovered:
D:1:      minmay_arrival_five_plusses, layout_loops_ring, serial_park_tiny_2,
          minmay_octomino_e4
D:2:      layout_loops_ring
D:3:      layout_loops_ring, tso_oasis_becter, minmay_bisected
D:4:      layout_basic, lemuel_crystal_altar, minitemple, marbit_many_paths,
          minmay_temple_entry_enclosed_plants, uniq_duvessa
D:5:      layout_cave_pools, lemuel_coloured_pillars_altar,
          gammafunk_ghost_nasty_kobolds, grunt_decor_one_mirror,
          kennysheep_diamond, hex_tiny, lemuel_altar_in_water
D:6:      layout_basic, lemuel_doored_altar, serial_shops, shop_coins,
          kennysheep_small_circle
D:7:      layout_basic, overflow_temple_1_default, moated_statue, minivault_1,
          uniq_pikel
D:8:      layout_basic, kennysheep_mini
D:9:      layout_long_grid, chequers_serial_rivers_micro_a, bh_circular_ruins
Temple:   nicolae_temple_figure_eight

Skill      XL: |  1  2  3  4  5  6  7  8  9 10 |
---------------+-------------------------------+-----
Fighting       | 4 5 |  5.0
Shields        | 4 5 |  5.0
Maces & Flails | 3 4 5 7 10 12 13 | 13.5
Armour         | |  3.2

Action                   |  1- 3 |  4- 6 |  7- 9 | 10-12 || total
-------------------------+-------+-------+-------+-------++-------
Melee: Flail             |   151 |   166 |   367 |       ||   684
       Whip              |       |       |    71 |   160 ||   231
Invok: Heroism           |       |       |     1 |       ||     1
  Use: Scroll            |       |     6 |     7 |       ||    13
Armor: Scale mail        |   107 |   104 |   267 |    58 ||   536
Dodge: Dodged            |    60 |    58 |   143 |    38 ||   299
Block: Kite shield       |    85 |    99 |   213 |       ||   397
       Buckler           |       |       |     4 |    35 ||    39

Table legend: (Time is in decaauts)
 A = Elapsed time spent in this place.
 B = Non-inter-level travel time spent in this place.
 C = Inter-level travel time spent in this place.
 D = Time resting spent in this place.
 E = Time spent auto-exploring this place.
 F = Levels seen in this place.
 G = Mean time per level.
                   A        B        C        D        E       F      G
               +--------+--------+--------+--------+--------+-----+--------+
         Total |   8162 |   7910 |    252 |    657 |   5741 |  10 |  816.2 |
       Dungeon |   7976 |   7740 |    236 |    657 |   5574 |   9 |  886.2 |
        Temple |    185 |    169 |     16 |      0 |    167 |   1 |  185.0 |
               +--------+--------+--------+--------+--------+-----+--------+

Top non-repeatable levels by time:
     D:4: 1380 daAuts
     D:6: 1028 daAuts
     D:2: 928 daAuts
     D:1: 862 daAuts
     D:5: 832 daAuts
     D:8: 825 daAuts
     D:3: 798 daAuts
     D:9: 672 daAuts
     D:7: 647 daAuts
  Temple: 185 daAuts
